 Dungeon Crawl Stone Soup version 0.17-a0-1442-g10bb59b (webtiles) character file.

15195 panicbit the Blocker (level 11, -18/102 HPs)
             Began as a Minotaur Fighter on June 27, 2015.
             Was the Champion of Okawaru.
             Demolished by a white ugly thing (28 damage)
             ... on level 13 of the Dungeon.
             The game lasted 00:49:31 (12445 turns).

panicbit the Blocker (Minotaur Fighter)            Turns: 12445, Time: 00:49:31

Health: -18/102    AC: 20    Str: 25    XL:     11   Next: 98%
Magic:  11/11      EV:  9    Int:  5    God:    Okawaru [******]
Gold:   400        SH: 14    Dex: 11    Spells: 0 memorised, 10 levels left

rFire  + . .     SeeInvis .     u - +0 broad axe (elec)
rCold  x . .     Clarity  .     D - +1 plate armour {rPois}
rNeg   + + .     SustAt   +     c - +1 shield
rPois  +         Gourm    .     (helmet restricted)
rElec  .         Spirit   .     p - +0 cloak
rCorr  .         Warding  +     b - +0 pair of gloves "Wiusawk" {rF+ rC- Str+2}
rMut   .         Stasis   .     j - +0 pair of boots
MR     .....                    l - amulet of warding
Stlth  ..........               y - ring of sustain attributes
                                J - ring of positive energy

@: studying Fighting, not resistant to hostile enchantments, extremely
unstealthy
A: retaliatory headbutt, horns 2
a: Heroism, Finesse, Renounce Religion


You were on level 13 of the Dungeon.
You worshipped Okawaru.
Okawaru was exalted by your worship.
You were not hungry.

You visited 2 branches of the dungeon, and saw 14 of its levels.
You also visited: Sewer.

You collected 950 gold pieces.
You spent 550 gold pieces at shops.

Inventory:

Hand weapons
 u - a +0 broad axe of electrocution (weapon)
 T - a +2 flail of protection
Armour
 b - the +0 pair of gloves "Wiusawk" (worn) {rF+ rC- Str+2}
   (You found it on level 7 of the Dungeon)

   It affects your strength (+2).
   It protects you from fire.
   It makes you vulnerable to cold.
 c - a +1 shield (worn)
 j - a +0 pair of boots (worn)
 k - a +2 pair of gloves
 p - a +0 cloak (worn)
 D - a +1 plate armour of poison resistance (worn)
Jewellery
 a - an uncursed ring of protection from fire
 g - an uncursed ring of flight
 l - an amulet of warding (around neck)
 q - an uncursed ring of protection from fire
 y - a ring of sustain attributes (right hand)
 J - a ring of positive energy (left hand)
 W - an uncursed ring of see invisible
Magical devices
 f - a wand of fireball (7)
 C - a wand of polymorph (13)
 E - a wand of digging (8)
 Q - a wand of hasting (5)
 Y - a wand of invisibility (6)
Scrolls
 m - 2 scrolls of recharging
 s - 9 scrolls of teleportation
 H - a scroll of silence
 M - 3 scrolls of magic mapping
 O - a scroll of fear
 R - a scroll of remove curse
 S - a scroll of enchant armour
 V - a scroll of fog
 Z - a scroll of amnesia
Potions
 d - 6 potions of might
 h - 2 potions of brilliance {unknown}
 i - 8 potions of curing
 o - a potion of invisibility {unknown}
 r - a potion of cancellation
 t - 3 potions of flight
 v - 2 potions of poison {unknown}
 x - 2 potions of lignification
 z - 3 potions of mutation
 A - 5 potions of heal wounds
 B - 8 potions of agility
 F - 2 potions of ambrosia
 G - a potion of resistance
 I - a potion of cure mutation {unknown}
 K - 2 potions of berserk rage {unknown}
Books
 N - a manual of Fighting
Comestibles
 e - 9 bread rations
 n - 2 slices of pizza
 w - a royal jelly
 L - 2 meat rations
 P - 7 fruits
 X - 3 beef jerkies


   Skills:
 + Level 11.4 Fighting
 + Level 11.5 Axes
 + Level 0.5(7.4) Maces & Flails
 + Level 10.4 Armour
 + Level 7.0 Dodging
 + Level 1.5 Stealth
 + Level 12.7 Shields
 + Level 2.0 Invocations


You had 10 spell levels left.
You didn't know any spells.

Dungeon Overview and Level Annotations

Branches:
Dungeon (13/15)            Temple (1/1) D:4            Lair (0/8) D:9
    Orc (0/4) D:12
 Vaults: D:13-14

Altars:
Ashenzari
Cheibriados
Dithmenos
Elyvilon
Fedhas
Gozag
Kikubaaqudgha
Makhleb
Nemelex Xobeh
Okawaru
Qazlal
Ru
Sif Muna
Trog
Vehumet
Xom
Yredelemnul
Zin
The Shining One

Shops:
D:4 :   D:5 !!*[   D:9 (   D:11 }

Portals:
Trove: D:10 (give +6 demon trident)

Annotations:
D:8 exclusion: obsidian statue


Innate Abilities, Weirdness & Mutations

You reflexively headbutt those who attack you in melee.
You have a pair of horns on your head.


Message History

The hound barks!
A white ugly thing comes into view.
The white ugly thing gurgles horribly!
The hound barely misses you.
You slice the hound!!
There is a sudden explosion of sparks!
You kill the hound!
Okawaru accepts your kill. The white ugly thing engulfs you.
The white ugly thing freezes you!!
You feel a terrible chill!
You see here a hound corpse.
You closely miss the white ugly thing. The white ugly thing engulfs you!
The white ugly thing freezes you!!!
You feel a terrible chill!
Ouch! That really hurt!
* * * LOW HITPOINT WARNING * * *
You hit the white ugly thing but do no damage.
Your headbutt misses the white ugly thing.
The white ugly thing engulfs you!
* * * LOW HITPOINT WARNING * * *
The white ugly thing freezes you!!
You feel a terrible chill!
You die...

#..................>
##.........#.#####.##
...........#.### #.#
#.............# #.#
......##.#)#.###.##
####.##.........##...
...........#.#..####.
.#.####.##.##......####.
......u@...####.##...)#.
......(.#######.#####.#.
........# #....[......
........# #.#.....<...
.......## ###.#######.##
....... #...# #.#
....... ##### #.#
#.###.# #.# #>#


You could see a white ugly thing.

Vanquished Creatures
  A hydra (D:11)
  Sonja (D:10)
  Pikel (D:7)
  2 hill giants
  Joseph (D:7)
  A gargoyle (D:12)
  A kobold demonologist (D:11)
  The ghost of Protee the Chucker, an average OgHu (D:3)
  Grinder (D:3)
  3 two-headed ogres
  2 trolls (D:10)
  4 slime creatures (D:12)
  A water elemental (D:11)
  Sigmund (D:2)
  An air elemental (D:11)
  A spriggan (D:7)
  A fire elemental (D:11)
  A steam dragon (D:8)
  A wyvern (D:11)
  4 hippogriffs
  16 yaks
  Duvessa (D:5)
  A phantom (D:9)
  Purgy (Sewer)
  5 orc warriors
  3 sky beasts
  2 black bears
  A slave (D:7)
  3 centaurs (D:8)
  8 ogres
  A crocodile (D:11)
  Dowan (D:5)
  8 giant frogs
  A wyvern zombie (D:12)
  An earth elemental (D:11)
  11 killer bees (D:7)
  7 scorpions
  A lava snake (D:9)
  4 wights (D:10)
  5 crimson imps
  7 hounds
  A centaur skeleton (D:12)
  10 orc priests
  A giant frog zombie (D:7)
  A centaur zombie (D:7)
  Ijyb (D:2)
  3 jellies
  5 worker ants
  A giant frog skeleton (D:7)
  Jessica (D:3)
  3 iguanas
  11 orc wizards
  A hound skeleton (D:10)
  A worker ant zombie (D:9)
  Robin (D:2)
  12 adders
  A shadow imp (D:5)
  2 oozes
  2 worms (D:3)
  6 giant geckos
  50 orcs
  22 bats
  17 hobgoblins
  12 jackals
  4 giant cockroaches
  A giant cockroach zombie (D:5)
  4 giant newts
  14 goblins
  17 kobolds
  A quokka (D:11)
  18 rats
342 creatures vanquished.

Notes
Turn   | Place    | Note
--------------------------------------------------------------
     0 | D:1      | panicbit the Minotaur Fighter began the quest for the Orb.
     0 | D:1      | Reached XP level 1. HP: 19/19 MP: 0/0
   119 | D:1      | Reached XP level 2. HP: 27/27 MP: 1/1
   222 | D:1      | Reached skill level 4 in Fighting
   658 | D:2      | Noticed Sigmund
   832 | D:2      | Reached XP level 3. HP: 24/34 MP: 2/2
   877 | D:3      | Noticed Grinder
   883 | D:3      | Paralysed by Grinder for 4 turns
  1162 | D:2      | Reached skill level 1 in Dodging
  1162 | D:2      | Reached XP level 4. HP: 36/41 MP: 3/3
  1202 | D:2      | Noticed Ijyb
  1222 | D:2      | Killed Ijyb
  1300 | D:2      | Noticed Robin
  1307 | D:2      | Killed Robin
  1307 | D:2      | Reached XP level 5. HP: 30/47 MP: 4/4
  1310 | D:2      | Reached skill level 5 in Fighting
  1361 | D:3      | Noticed Jessica
  1547 | D:3      | Killed Jessica
  1727 | D:3      | Noticed Protee's ghost (average OgHu)
  1786 | D:4      | Found Wauxkete's Book Shop.
  1874 | D:4      | Found a staircase to the Ecumenical Temple.
  1883 | Temple   | Entered the Ecumenical Temple
  1936 | Temple   | Became a worshipper of Warmaster Okawaru
  1997 | D:4      | Reached skill level 5 in Shields
  2026 | D:4      | Reached skill level 5 in Armour
  2026 | D:4      | Reached XP level 6. HP: 51/56 MP: 5/5
  2798 | D:2      | Killed Sigmund
  2798 | D:2      | Acquired Okawaru's first power
  2994 | D:2      | Reached XP level 7. HP: 61/61 MP: 6/6
  3108 | D:3      | Paralysed by Grinder for 7 turns
  3121 | D:3      | Killed Grinder
  3121 | D:3      | Reached skill level 6 in Armour
  3229 | D:3      | Killed Protee's ghost
  3229 | D:3      | Reached skill level 5 in Axes
  3654 | D:3      | Found a snail-covered altar of Cheibriados.
  3657 | D:3      | Reached XP level 8. HP: 67/70 MP: 7/7
  4014 | D:5      | Entered Level 5 of the Dungeon
  4014 | D:5      | Found Jetinko's Distillery.
  4018 | D:5      | Bought a potion of curing for 39 gold pieces
  4018 | D:5      | Bought a potion of curing for 39 gold pieces
  4018 | D:5      | Bought a potion of heal wounds for 65 gold pieces
  4018 | D:5      | Bought a potion of might for 52 gold pieces
  4018 | D:5      | Bought a potion of lignification for 39 gold pieces
  4069 | D:5      | Found Loep's Distillery.
  4112 | D:5      | Bought a potion of curing for 42 gold pieces
  4112 | D:5      | Bought a potion of might for 56 gold pieces
  4170 | D:5      | Noticed Duvessa
  4178 | D:5      | Noticed Dowan
  4180 | D:5      | Killed Duvessa
  4188 | D:5      | Killed Dowan
  4188 | D:5      | Reached skill level 7 in Armour
  4228 | D:5      | Found a glowing drain.
  4241 | Sewer    | Entered a sewer
  4283 | Sewer    | Noticed Purgy
  4305 | Sewer    | Killed Purgy
  4402 | D:5      | Found Estraic's General Store.
  4508 | D:5      | Found Osok's Antique Armour Boutique.
  4704 | D:5      | Reached skill level 1 in Stealth
  5058 | D:6      | Reached XP level 9. HP: 47/78 MP: 8/8
  5434 | D:6      | Reached skill level 5 in Dodging
  5724 | D:6      | Reached skill level 8 in Shields
  6182 | D:7      | Found an opulent altar of Gozag.
  6263 | D:7      | Got a pair of ichor-stained gloves
  6274 | D:7      | Identified the cursed +0 pair of gloves "Wiusawk" {rF+ rC- Str+2} (You found it on level 7 of the Dungeon)
  6347 | D:7      | Noticed Joseph
  6365 | D:7      | Killed Joseph
  6365 | D:7      | Reached skill level 9 in Shields
  6403 | D:7      | Noticed Pikel
  6413 | D:7      | Killed Pikel
  6474 | D:7      | Reached XP level 10. HP: 81/88 MP: 9/9
  6512 | D:7      | Got a clouded amber ring
  6514 | D:7      | Identified the ring "Utwogiap" {Wiz +Inv Dex+11 Slay-5} (You found it on level 7 of the Dungeon)
  6706 | D:7      | Reached skill level 1 in Invocations
  6806 | D:8      | Reached skill level 10 in Shields
  6991 | D:8      | Acquired Okawaru's second power
  7193 | D:8      | Noticed an obsidian statue
  7714 | D:9      | Found a staircase to the Lair.
  7981 | D:9      | Noticed a hill giant
  7989 | D:9      | Killed a hill giant
  8109 | D:9      | Found Cygotz Ysee's Weapon Shop.
  8299 | D:9      | Reached skill level 11 in Shields
  8333 | D:10     | Entered Level 10 of the Dungeon
  8518 | D:10     | Found a portal to a secret trove of treasure.
  9048 | D:5      | Bought a pair of jewelled boots for 218 gold pieces
  9063 | D:5      | Identified the cursed -2 pair of boots "Itaoz" {MR+ Int+3} (You bought it in a shop on level 5 of the Dungeon)
  9174 | D:10     | Received a gift from Okawaru
  9270 | D:10     | Noticed Sonja
  9296 | D:10     | Killed Sonja
  9296 | D:10     | Reached skill level 10 in Axes
  9296 | D:10     | Reached XP level 11. HP: 41/99 MP: 10/10
  9612 | D:10     | Noticed a hill giant
  9629 | D:10     | Killed a hill giant
  9861 | D:10     | Reached skill level 10 in Fighting
 10259 | D:11     | Found a large runed door.
 10259 | D:11     | Found a large runed door.
 10387 | D:11     | Noticed an eight-headed hydra
 10401 | D:11     | Killed an eight-headed hydra
 10599 | D:11     | Reached skill level 12 in Shields
 11413 | D:11     | Reached skill level 10 in Armour
 11618 | D:11     | Received a gift from Okawaru
 11625 | D:11     | Found Faojuff's Gadget Shoppe.
 11840 | D:12     | Found a staircase to the Orcish Mines.
 12445 | D:13     | Demolished by a white ugly thing

Vault maps used:
D:1:      mrwooster_arrival_arrow, corexii_corridor_pit, corner_web_ring,
          minmay_crystal_water
D:2:      uniq_robin, uniq_iyjb, uniq_sigmund
D:3:      first_bread, cheibriados_altar_wand_db, uniq_grinder, uniq_jessica
D:4:      minmay_temple_entry_mist, serial_shops, shop_coins, minmay_bad_closet,
          minmay_misc_feat_alley, minmay_misc_feat_more_columns
D:5:      gup_sewer_entry_bubbles, serial_shops, shop_fountains, shop,
          shop_fountains, shop, uniq_duvessa
D:6:      minmay_misc_feat_five, minmay_fountain_box
D:7:      grunt_gozag_breadcrumbs, the_bakery, uniq_pikel, uniq_joseph
D:8:      minmay_statue_hallways, minmay_misc_feat_nine_boxes
D:9:      lair_0_dummy, serial_shops, shop_statue, kennysheep_dice
D:10:     trove_entry_hex_spiral, kennysheep_decorative_pillar, uniq_sonja
D:11:     serial_shops, nicolae_shop_behind_doors, enter_bailey_2,
          lightli_elemental_guards
D:12:     orc_0_dummy
D:13:     library_closet, einodemon_barbed_minivault, uniq_maurice, uniq_maud
Temple:   grunt_circular_temple_18
Sewer:    sewer_big_baddie

Action                   |  1- 3 |  4- 6 |  7- 9 | 10-12 || total
-------------------------+-------+-------+-------+-------++-------
Melee: War axe           |    69 |   121 |   375 |   218 ||   783
       Broad axe         |       |       |       |   210 ||   210
       Flail             |       |       |       |     8 ||     8
Invok: Heroism           |       |       |     2 |     4 ||     6
  Use: Scroll            |     2 |     2 |     7 |    16 ||    27
  Eat: Chunk             |       |     7 |    12 |    18 ||    37
       Fruit             |       |       |       |     2 ||     2
